 Dungeon Crawl Stone Soup version 0.22.0-2-ge58baed0e8 (webtiles) character file.

3528 Htamos the Shooter (level 9, -10/78 HPs)
             Began as a Centaur Earth Elementalist on Aug 13, 2018.
             Was a Believer of Okawaru.
             Mangled by a two-headed ogre
             ... wielding a +0 giant spiked club
              (12 damage)
             ... on level 9 of the Dungeon.
             The game lasted 00:18:24 (12313 turns).

Htamos the Shooter (Centaur Earth Elementalist)    Turns: 12313, Time: 00:18:25

Health: -10/78     AC: 14    Str: 14    XL:     9   Next: 82%
Magic:  11/12      EV:  7    Int: 14    God:    Okawaru [**....]
Gold:   524        SH:  0    Dex: 10    Spells: 10/11 levels left

rFire    . . .     SeeInvis .   M - +0 longbow
rCold    . . .     Gourm    .   (shield currently unavailable)
rNeg     . . .     Faith    .   j - +0 chain mail
rPois    .         Spirit   .   r - +0 helmet
rElec    .         Reflect  .   J - +0 cloak
rCorr    .         Harm     .   G - +0 pair of gloves
MR       .....                  (no barding)
Stlth    ..........             (no amulet)
HPRegen  0.23/turn              (no ring)
MPRegen  0.13/turn              (no ring)

@: heroism, very quick
A: large, hooves 3, deformed body, speed 2, tough skin 3
a: Heroism, Renounce Religion


You were on level 9 of the Dungeon.
You worshipped Okawaru.
Okawaru was pleased with you.
You were not hungry.

You visited 2 branches of the dungeon, and saw 10 of its levels.

You collected 524 gold pieces.

Inventory:

Hand Weapons
 g - a +0 hand axe
 C - a +0 war axe
 E - a +2 whip of electrocution
 F - a +0 shortbow
 M - a +0 longbow (weapon)
Missiles
 b - 227 stones
 x - 56 arrows (quivered)
 I - 3 throwing nets
Armour
 a - a +0 ring mail
 c - a +0 robe
 f - a +0 buckler
 h - a +1 animal skin
 j - a +0 chain mail (worn)
 r - a +0 helmet (worn)
 G - a +0 pair of gloves (worn)
 J - a +0 cloak (worn)
Jewellery
 s - an uncursed ring of protection from cold {unknown}
 t - a +2 amulet of reflection {unknown}
 u - an uncursed ring of see invisible {unknown}
 y - an uncursed ring of protection from magic {unknown}
 L - an uncursed amulet of faith {unknown}
 O - a +4 ring of protection {unknown}
Wands
 D - a wand of digging (37)
 H - a wand of flame (23)
 K - a wand of paralysis (15)
 N - a wand of random effects (25)
Scrolls
 i - a scroll of random uselessness {unknown}
 l - a scroll of enchant armour {unknown}
 p - 2 scrolls of immolation {unknown}
 q - 2 scrolls of blinking {unknown}
 w - 3 scrolls of teleportation {unknown}
 z - 5 scrolls of remove curse {unknown}
 A - 7 scrolls of identify {unknown}
 B - 2 scrolls of amnesia {unknown}
 P - a scroll of magic mapping {unknown}
Potions
 e - 2 potions of curing {unknown}
 k - 3 potions of resistance {unknown}
 m - a potion of mutation {unknown}
 n - 5 potions of degeneration {unknown}
 o - 2 potions of agility {unknown}
 v - a potion of haste {unknown}
 Q - a potion of ambrosia {unknown}
 R - 4 potions of cancellation {unknown}
 T - a potion of berserk rage {unknown}
Comestibles
 d - 14 rations
 S - 4 chunks of flesh


   Skills:
 + Level 6.6(11.6) Fighting
 - Level 2.0(7.0) Maces & Flails
 * Level 7.7(12.7) Bows
 + Level 5.0(10.0) Armour
 - Level 4.2(9.2) Dodging
 - Level 1.1(6.1) Stealth
 - Level 1.5 Spellcasting
   Level 0.8 Transmutations
 - Level 4.7 Earth Magic
 + Level 4.3 Invocations


You had 10 spell levels left.
You knew the following spells:

 Your Spells              Type           Power        Failure   Level  Hunger
a - Sandblast             Erth           ##....       45%         1    ##.....

Your spell library contained the following spells:

 Spells                   Type           Power        Failure   Level  Hunger
 Stone Arrow              Conj/Erth      #.....       99%         3    ####...
 Passwall                 Tmut/Erth      #.......     86%         2    ###....
 Lee's Rapid Deconstruct  Erth           ##........   100%        5    ######.
 Petrify                  Tmut/Erth      #.......     100%        4    #####..


Dungeon Overview and Level Annotations

Branches:
Dungeon (9/15)             Temple (1/1) D:5
   Lair: D:8-11         Orc: D:9-12

Altars:
Ashenzari
Cheibriados
Dithmenos
Elyvilon
Fedhas
Gozag
Hepliaklqana
Kikubaaqudgha
Makhleb
Nemelex Xobeh
Okawaru
Qazlal
Ru
Sif Muna
Trog
Uskayaw
Vehumet
Wu Jian
Xom
Yredelemnul
Zin
The Shining One
Jiyva

Annotations:
D:6 exclusion: 2 doors
D:8 3 runed doors, topfpfpflanze's ghost, novice OpWz


Innate Abilities, Weirdness & Mutations

You have hooves in place of feet.
Armour fits poorly on your strangely shaped body.
You cover ground very quickly.
You have extremely tough skin. (AC +3)


Message History

The two-headed ogre hits you but does no damage.
Firing (i - inventory. (/) - cycle)
x - 58 arrows (quivered)
Press: ? - help, Shift-Dir - straight line, f - shadow
Aim: a shadow (severely damaged)
You shoot an arrow. The arrow closely misses the shadow.
The arrow barely misses the jackal.
The arrow hits the scorpion!
The scorpion is severely wounded.
The shadow barely misses you.
A hound comes into view.
Firing (i - inventory. (/) - cycle)
x - 57 arrows (quivered)
Press: ? - help, Shift-Dir - straight line, f/p - shadow
Aim: a shadow (severely damaged)
You shoot an arrow. The arrow hits the shadow!
You destroy the shadow!
Okawaru accepts your kill.
Your base Armour skill increases to level 5!
The two-headed ogre hits you with a giant spiked club!
* * * LOW HITPOINT WARNING * * *
The two-headed ogre hits you with a giant club!
You die...

###
#.##h##.##.##$#
#(..sh(@OW5...#
#$##.##.##.##.#
###


You could see a two-headed ogre, a hungry ghost, a scorpion, a hound, a crimson
imp and a jackal.

Vanquished Creatures
  Pikel (D:4)
  A hippogriff (D:7)
  A shadow (D:9)
  A water moccasin (D:8)
  4 orc warriors
  A phantom (D:4)
  A slave (D:4)
  2 ogres
  2 centaurs
  3 bullfrogs
  A gnoll sergeant (D:5)
  A wyvern skeleton (D:8)
  A scorpion (D:5)
  A killer bee (D:6)
  5 wights
  3 howler monkeys
  6 crimson imps
  A bullfrog zombie (D:5)
  A centaur zombie (D:8)
  2 jellies (D:8)
  4 orc priests
  4 orc wizards
  5 iguanas
  6 worker ants
  A hound zombie (D:9)
  A hound skeleton (D:7)
  A worker ant zombie (D:7)
  Robin (D:1)
  4 adders
  6 gnolls
  2 shadow imps
  An adder skeleton (D:7)
  4 worms
  4 dart slugs
  5 leopard geckos
  30 orcs
  A ball python (D:1)
  9 bats
  12 giant cockroaches
  16 goblins
  3 hobgoblins
  9 jackals
  6 kobolds
  3 quokkas (D:4)
  2 frilled lizards
  A jackal skeleton (D:7)
  A leopard gecko skeleton (D:8)
  A quokka skeleton (D:5)
  8 rats
190 creatures vanquished.

Vanquished Creatures (others)
  A slave (D:4)
  An ogre (D:4)
  A howler monkey (D:4)
  A giant cockroach (D:4)
4 creatures vanquished.

Grand Total: 194 creatures vanquished

Notes
Turn   | Place    | Note
-------+----------+-------------------------------------------
     0 | D:1      | Htamos the Centaur Earth Elementalist began the quest for the Orb.
     0 | D:1      | Reached XP level 1. HP: 14/14 MP: 3/3
   477 | D:1      | Reached XP level 2. HP: 19/22 MP: 4/4
   639 | D:1      | Reached skill level 1 in Fighting
  1752 | D:2      | Reached skill level 1 in Armour
  1752 | D:2      | Reached XP level 3. HP: 28/28 MP: 0/5
  1824 | D:2      | Noticed Robin
  2021 | D:1      | Killed Robin
  2804 | D:3      | Reached XP level 4. HP: 30/36 MP: 0/6
  3534 | D:3      | Noticed an ogre
  3599 | D:3      | Killed an ogre
  3599 | D:3      | Reached XP level 5. HP: 44/44 MP: 1/7
  3667 | D:3      | Found a shattered altar of Ashenzari.
  3935 | D:3      | Noticed a sky beast
  4672 | D:4      | Found a shimmering altar of Xom.
  4672 | D:4      | Noticed an ogre
  4672 | D:4      | Noticed a slave
  4710 | D:4      | Killed an ogre
  4723 | D:4      | Killed a slave
  4928 | D:4      | Reached XP level 6. HP: 51/51 MP: 8/8
  5745 | D:4      | Noticed a slave
  5748 | D:4      | Noticed Pikel
  5753 | D:4      | Noticed a slave
  5769 | D:4      | Killed Pikel
  5769 | D:4      | Reached XP level 7. HP: 30/60 MP: 9/9
  6115 | D:5      | Entered Level 5 of the Dungeon
  6166 | D:5      | Reached XP level 8. HP: 63/67 MP: 10/10
  6170 | D:5      | Reached skill level 1 in Maces & Flails
  6594 | D:5      | Reached skill level 5 in Fighting
  6965 | D:5      | Found a staircase to the Ecumenical Temple.
  6974 | Temple   | Entered the Ecumenical Temple
  7141 | Temple   | Became a worshipper of Warmaster Okawaru
  7664 | D:5      | Reached skill level 1 in Bows
  8211 | D:6      | Reached skill level 2 in Bows
  8211 | D:6      | Reached skill level 1 in Invocations
  8370 | D:6      | Reached skill level 3 in Bows
  9549 | D:7      | Reached skill level 4 in Bows
  9553 | D:7      | Reached * piety under Okawaru
  9659 | D:6      | Reached XP level 9. HP: 51/75 MP: 11/11
  9890 | D:7      | Found a hide-covered altar of Uskayaw.
 10036 | D:7      | Reached skill level 5 in Bows
 10916 | D:8      | Reached skill level 6 in Bows
 10930 | D:8      | Reached ** piety under Okawaru
 11136 | D:8      | Found a runed gate.
 11642 | D:8      | Found a runed gate.
 11643 | D:8      | Found a runed gate.
 11645 | D:8      | Noticed topfpfpflanze's ghost (novice OpWz)
 11646 | D:8      | Found a viscous altar of Jiyva.
 12182 | D:8      | Reached skill level 7 in Bows
 12304 | D:9      | Noticed a two-headed ogre
 12313 | D:9      | Reached skill level 5 in Armour
 12313 | D:9      | HP: 2/78 [two-headed ogre/giant spiked club (11)]
 12313 | D:9      | Mangled by a two-headed ogre

Skill      XL: |  1  2  3  4  5  6  7  8  9 |
---------------+----------------------------+-----
Fighting       | 1 2 3 4 5 6 |  6.6
Armour         | 1 2 3 4 5 |  5.0
Dodging        | 2 3 4 |  4.2
Earth Magic    | 4 |  4.7
Maces & Flails | 2 |  2.0
Bows           | 4 7 |  7.7
Invocations    | 2 4 |  4.3
Stealth        | |  1.1
Spellcasting   | |  1.5
Transmutations | |  0.8

Action                   |  1- 3 |  4- 6 |  7- 9 || total
-------------------------+-------+-------+-------++-------
Melee: Hand axe          |    83 |    46 |       ||   129
       Unarmed           |    11 |       |       ||    11
       Kick              |     9 |    20 |    13 ||    42
       War axe           |       |    72 |       ||    72
       Whip              |       |       |    79 ||    79
       Longbow           |       |       |     2 ||     2
 Fire: Shortbow          |       |       |   250 ||   250
       Longbow           |       |       |   148 ||   148
 Cast: Sandblast         |    40 |    83 |       ||   123
Invok: Heroism           |       |       |     5 ||     5
Evoke: Wand              |       |    13 |     4 ||    17
  Eat: Chunk             |     5 |    11 |    18 ||    34
Armor: Chain mail        |    48 |       |   169 ||   217
       Ring mail         |    14 |       |       ||    14
       Robe              |     5 |       |       ||     5
       Animal skin       |    15 |    72 |    20 ||   107
Dodge: Dodged            |    49 |    78 |   112 ||   239
Block: Buckler           |    14 |    14 |     4 ||    32
